 Dungeon Crawl Stone Soup version 0.26-a0-21-gf97e55dc39 (webtiles) character file.

Game seed: 9275849792204401732, levelgen mode: deterministic

66 Essalna the Chiller (level 3, -5/20 HPs)
             Began as a Deep Elf Ice Elementalist on May 26, 2020.
             Slain by an orc
             ... wielding a +2 short sword of distortion
              (18 damage)
             ... on level 2 of the Dungeon.
             The game lasted 00:04:22 (1357 turns).

Essalna the Chiller (Deep Elf Ice Elementalist)     Turns: 1357, Time: 00:04:23

Health: -5/20      AC:  3    Str:  5    XL:     3   Next: 96%
Magic:  16/19      EV: 13    Int: 20    God:
Gold:   85         SH:  0    Dex: 15    Spells: 5/9 levels left

rFire    . . .     SeeInvis .   f - +0 dagger
rCold    . . .     Gourm    .   (no shield)
rNeg     . . .     Faith    .   a - +0 robe
rPois    .         Spirit   .   (no helmet)
rElec    .         Reflect  .   (no cloak)
rCorr    .         Harm     .   q - +0 pair of gloves
MR       .....                  (no boots)
Stlth    +++.......             (no amulet)
HPRegen  0.06/turn              p - ring of stealth
MPRegen  0.16/turn              r - ring of magical power

@: frozen ramparts
A: no striking features
a: no special abilities


You were on level 2 of the Dungeon.
You were not hungry.

You visited 1 branch of the dungeon, and saw 2 of its levels.

You collected 85 gold pieces.

Inventory:

Hand Weapons
 f - a +0 dagger (weapon)
Armour
 a - a +0 robe (worn)
 q - a +0 pair of gloves (worn)
Jewellery
 p - a ring of stealth (left hand)
 r - a ring of magical power (right hand)
Scrolls
 b - 2 scrolls of fear {unknown}
 g - a scroll of magic mapping {unknown}
 h - 2 scrolls of remove curse {unknown}
 i - 3 scrolls of amnesia {unknown}
 j - a scroll of blinking {unknown}
 k - 2 scrolls of identify {unknown}
 m - 2 scrolls of teleportation {unknown}
 o - a scroll of enchant armour {unknown}
Potions
 e - 3 potions of ambrosia {unknown}
 l - a potion of heal wounds {unknown}
 n - a potion of brilliance {unknown}
Comestibles
 c - 4 rations
 d - 6 chunks of flesh


   Skills:
 + Level 1.1 Fighting
 + Level 1.1 Armour
 + Level 3.1 Dodging
 - Level 2.4 Stealth
 + Level 3.7 Spellcasting
 + Level 4.7 Ice Magic


You had 5 spell levels left.
You knew the following spells:

 Your Spells              Type           Power        Failure   Level  Hunger
a - Freeze                Ice            ###.         1%          1    None
b - Frozen Ramparts       Ice            ###...       5%          3    ###....

Your spell library contained the following spells:

 Spells                   Type           Power        Failure   Level  Hunger
 Ozocubu's Armour         Chrm/Ice       ##......     14%         3    ###....
 Hailstorm                Conj/Ice       ##......     43%         4    ####...
 Summon Ice Beast         Ice/Summ       ##......     43%         4    ####...


Dungeon Overview and Level Annotations

Branches:
Dungeon (2/15)

Altars:


Message History

You hit the orc.
The orc is moderately wounded.
The wall freezes the orc.
You kill the orc!
An orc priest comes into view. It is wielding a +0 short sword.
The wall freezes the rat.
You kill the rat!
The wall freezes the orc.
Casting: Frozen Ramparts (quite dangerous; 5% risk of failure)
Confirm with . or Enter, or press ? or * to list all spells.
Aiming: Freeze (safe; 1% risk of failure)
Press: ? - help, Shift-Dir - straight line, f - orc
Aim: an orc, wielding a +2 short sword of distortion and wearing a +0 leather armour (lightly wounded)
You freeze the orc.
The orc is heavily wounded.
The wall freezes the orc.
The orc hits you with a +2 short sword of distortion!
Space warps horribly around you!!
Ouch! That really hurt!
You die...

.......#......÷.#..#.
......).####.####...
.......## #.# ##..
o...#.. #.# #..# .(...
#.# #.## ...## #.#
#.## #).##.##.####...
#######..##.......÷.##
#....@o.!..........##
#.....##.###.###.###
#.....##.# #.#
#.....##.# #.#
########.## ##÷#
##.(#####..#
#..........#
#..........#
#..........#


You could see an orc.

Vanquished Creatures
  2 adders (D:2)
  An ooze (D:2)
  2 dart slugs (D:2)
  2 leopard geckos (D:1)
  An orc (D:2)
  A giant cockroach (D:1)
  4 goblins
  4 hobgoblins (D:1)
  7 bats
  4 frilled lizards
  5 kobolds
  7 rats
40 creatures vanquished.

Notes
Turn   | Place    | Note
-------+----------+-------------------------------------------
     0 | D:1      | Essalna the Deep Elf Ice Elementalist began the quest for
                  | the Orb.
     0 | D:1      | Reached XP level 1. HP: 10/10 MP: 6/6
   184 | D:1      | Reached XP level 2. HP: 15/16 MP: 0/8
   970 | D:2      | Reached XP level 3. HP: 17/20 MP: 5/9
  1117 | D:2      | Reached skill level 1 in Fighting
  1218 | D:2      | Reached skill level 1 in Armour
  1296 | D:2      | Learned a level 3 spell: Frozen Ramparts
  1357 | D:2      | Slain by an orc

Illustrated notes

Levels and vault maps discovered:
D:1:      lightli_arrival_isolated_outpost, layout_basic, minmay_hexomino_c4
D:2:      layout_rooms, first_ration, uniq_terence

Skill      XL: |  1  2  3 |
---------------+----------+-----
Fighting       | 1 |  1.1
Dodging        | 3 |  3.1
Armour         | 1 |  1.1
Stealth        | |  2.4
Spellcasting   | |  3.7
Ice Magic      | |  4.7

Action                   || total
-------------------------++-------
Melee: Dagger            ||     9
       Unarmed           ||     1
 Cast: Freeze            ||    49
       Frozen Ramparts   ||     1
 Stab: Sleeping          ||     2
  Eat: Chunk             ||     1
Armor: Robe              ||     5
Dodge: Dodged            ||    31

Table legend:
 A = Non-vault XP
 B = Vault XP
 C = Vault XP percentage of total XP
 D = Non-vault monster count
 E = Vault monster count
 F = Vault count percentage of total count
                 A         B        C        D         E       F
            +---------+---------+-------+---------+---------+-------
      Total |      84 |      11 |  11.6 |      33 |       7 |  17.5
            +---------+---------+-------+---------+---------+-------
        D:1 |      24 |      11 |  31.4 |      15 |       7 |  31.8
        D:2 |      60 |       0 |   0.0 |      18 |       0 |   0.0
            +---------+---------+-------+---------+---------+-------
